 Dungeon Crawl Stone Soup version 0.30-a0-451-ge042605de7 (webtiles) character file.

Game seed: 15844971824449487783

112 McMuffin the Trooper (level 4, -1/35 HPs)
             Began as a Demonspawn Fighter on Dec 11, 2022.
             Slain by Sigmund
             ... wielding a +0 scythe
              (10 damage)
             ... on level 3 of the Dungeon.
             The game lasted 00:03:41 (1603 turns).

McMuffin the Trooper (Demonspawn Fighter)           Turns: 1603, Time: 00:03:42

Health: -1/35      AC:  8    Str: 18    XL:     4   Next: 63%
Magic:  4/4        EV: 13    Int:  9    God:
Gold:   62         SH:  4    Dex: 13    Spells: 3/3 levels left

rFire   . . .      SeeInvis .    a - +0 war axe
rCold   . . .      Faith    .    c - +0 buckler
rNeg    . . .      Spirit   .    b - +0 scale mail
rPois   .          Reflect  .    (no helmet)
rElec   .          Harm     .    (no cloak)
rCorr   .          Rampage  .    (no gloves)
Will    .....                    k - +0 pair of boots
Stlth   ..........               (no amulet)
HPRegen 0.25/turn                n - +4 ring of evasion
MPRegen 0.09/turn                (no ring)

@: no status effects
A: claws 1, ignite blood 1
a: no special abilities


You were on level 3 of the Dungeon.
You visited 1 branch of the dungeon, and saw 3 of its levels.

You collected 62 gold pieces.

Inventory:

Hand Weapons
 a - a +0 war axe (weapon)
Armour
 b - a +0 scale mail (worn)
 c - a +0 buckler (worn)
 k - a +0 pair of boots (worn)
Jewellery
 n - a +4 ring of evasion (left claw)
Scrolls
 g - a scroll of butterflies {unknown}
 j - a scroll of teleportation {unknown}
 l - a scroll of enchant armour {unknown}
 m - a scroll of enchant weapon {unknown}
 o - a scroll of identify {unknown}
Potions
 d - a potion of might
 e - a potion of ambrosia {unknown}
 f - a potion of flight {unknown}
 h - 2 potions of curing {unknown}
 i - 2 potions of attraction {unknown}


   Skills:
 + Level 3.4 Fighting
 + Level 3.0 Axes
 + Level 3.2 Armour
 + Level 1.0 Dodging
 + Level 3.2 Shields


You had 3 spell levels left.
You didn't know any spells.
Your spell library contained the following spells:

 Spells                   Type           Power      Damage    Failure   Level
 Dazzling Flash           Conj/Hex       0%         N/A       99%         3
 Agony                    Necr           0%         N/A       100%        5
 Silence                  Hex/Air        0%         N/A       100%        5


Dungeon Overview and Level Annotations

Branches:
Dungeon (3/15)

Altars:

Annotations:
D:3 Sigmund


Innate Abilities, Weirdness & Mutations

You have sharp fingernails.
Your demonic aura sometimes causes spilled blood to erupt in flames.


Message History

You slash the gnoll!
The gnoll is severely wounded.
The gnoll is engulfed in blazing flames.
You kill the gnoll!
Something hits you but does no damage. The gnoll closely misses you.
You see here a +0 halberd.
You barely miss the gnoll. The gnoll closely misses you.
Something barely misses you. The gnoll completely misses you.
You hit the gnoll.
The gnoll is moderately wounded.
Something hits you but does no damage. The gnoll closely misses you.
You hit the gnoll but do no damage.
The gnoll is moderately wounded.
The gnoll closely misses you. Something hits you.
You slash the gnoll!
You kill the gnoll!
Something hits you but does no damage.
Your Axes skill increases to level 3!
You see here a +0 whip of electrocution.
You miss something. Something barely misses you.
You closely miss something. Something barely misses you.
You barely miss something. Something barely misses you.
You barely miss something. You block something's attack.
You miss something. Something hits you.
You barely miss something. Something hits you but does no damage.
You closely miss something. Something hits you but does no damage.
You slash something! Something hits you!
* * * LOW HITPOINT WARNING * * *
You miss something. Something hits you.
* * * LOW HITPOINT WARNING * * *
You closely miss something.
A goblin comes into view. It is wielding a +0 club.
Something hits you but does no damage.
The goblin moves out of view.
You hit something but do no damage. You barely miss something.
You hear some strange, mumbled words.
Something tries to affect you, but you resist.
Something hits you but does no damage.
You barely miss something. Something hits you!
You die...

#.................#
#......<...........
#####..................
......................
#####..###...###..........
##.......##.#####..........
................##........#
.........######..........##
.........{@))..###.#######
.........#####.###.#
....#..### #.....# ... ##.
####### . #. #. #g ..


There were no monsters in sight!

Vanquished Creatures
  An orc wizard (D:2)
  3 gnolls (D:3)
  An adder (D:3)
  3 dart slugs
  4 orcs (D:2)
  2 endoplasms (D:1)
  2 giant cockroaches
  6 goblins
  3 hobgoblins
  2 kobolds (D:1)
  2 quokkas
  3 ball pythons
  4 bats
  A frilled lizard (D:1)
  3 rats
40 creatures vanquished.

Notes
Turn   | Place    | Note
-------+----------+-------------------------------------------
     0 | D:1      | McMuffin the Demonspawn Fighter began the quest for the
                  | Orb.
     0 | D:1      | Reached XP level 1. HP: 18/18 MP: 1/1
   141 | D:1      | Gained mutation: Your demonic aura sometimes causes spilled
                  | blood to erupt in flames. [demonic ancestry]
   141 | D:1      | Reached XP level 2. HP: 20/24 MP: 2/2
   346 | D:1      | Found a faded altar of an unknown god.
   896 | D:2      | Reached XP level 3. HP: 29/29 MP: 3/3
  1273 | D:2      | Discovered your monstrous ancestry.
  1273 | D:2      | Gained mutation: You have sharp fingernails. [demonic
                  | ancestry]
  1273 | D:2      | Reached XP level 4. HP: 35/35 MP: 4/4
  1570 | D:3      | Noticed Sigmund
  1571 | D:3      | Reached skill level 1 in Dodging
  1603 | D:3      | Slain by Sigmund

Illustrated notes

Levels and vault maps discovered:
D:1:      lemuel_arrival_room, layout_basic, ebering_ecumenical_altar_rust,
          kennysheep_decorative_pillar
D:2:      layout_loops_ring
D:3:      layout_rooms, uniq_sigmund

Skill      XL: |  1  2  3  4 |
---------------+-------------+-----
Axes           | 2 3 |  3.0
Armour         | 3 |  3.2
Shields        | 3 |  3.2
Dodging        | 1 |  1.0
Fighting       | |  3.4

Action                   |  1- 3 |  4- 6 || total
-------------------------+-------+-------++-------
Melee: War axe           |    87 |    32 ||   119
Armor: Scale mail        |    36 |    12 ||    48
Dodge: Dodged            |    38 |    17 ||    55
Block: Buckler           |    16 |     4 ||    20

Table legend: (Time is in decaauts)
 A = Elapsed time spent in this place.
 B = Non-inter-level travel time spent in this place.
 C = Inter-level travel time spent in this place.
 D = Time resting spent in this place.
 E = Time spent auto-exploring this place.
 F = Levels seen in this place.
 G = Mean time per level.
                   A        B        C        D        E       F      G
               +--------+--------+--------+--------+--------+-----+--------+
         Total |   1652 |   1627 |     25 |      0 |   1219 |   3 |  550.7 |
       Dungeon |   1652 |   1627 |     25 |      0 |   1219 |   3 |  550.7 |
               +--------+--------+--------+--------+--------+-----+--------+

Top non-repeatable levels by time:
     D:1: 893 daAuts
     D:2: 661 daAuts
     D:3: 97 daAuts
